 Dungeon Crawl Stone Soup version 0.30-a0-263-ge22c4ad894 (console) character file.

Game seed: 8694778520152049567

13147 jejorda2 the Carver (level 12, -31/132 HPs)
             Began as a Merfolk Berserker on Oct 13, 2022.
             Was a Priest of Trog.
             Killed from afar by a frost giant (63 damage)
             ... with a bolt of cold
             ... on level 12 of the Dungeon.
             The game lasted 00:28:53 (11286 turns).

jejorda2 the Carver (Merfolk Berserker)            Turns: 11286, Time: 00:28:54

Health: -31/132    AC: 15    Str: 17    XL:     12   Next: 3%
Magic:  12/12      EV: 14    Int:  7    God:    Trog [***...]
Gold:   520        SH:  0    Dex: 18    Spells: 11/11 levels left

rFire   + . .      SeeInvis .    a - +4 dagger (elec)
rCold   x . .      Faith    .    (no shield)
rNeg    . . .      Spirit   .    z - +0 swamp dragon scales
rPois   +          Reflect  .    (no helmet)
rElec   .          Harm     .    L - +1 cloak {rCorr}
rCorr   +          Rampage  .    d - +2 pair of gloves
Will    ++...                    A - +0 pair of boots
Stlth   ..........               (no amulet)
HPRegen 1.42/turn                K - ring of fire
MPRegen 0.13/turn                F - +4 ring of slaying

@: berserking (expiring), strong-willed, regenerating, very quick
A: (nimble swimmer 2), mertail
a: Renounce Religion, Berserk, Trog's Hand


You were on level 12 of the Dungeon.
You worshipped Trog.
Trog was most pleased with you.
You visited 1 branch of the dungeon, and saw 12 of its levels.
You also visited: Sewer.

You collected 1039 gold pieces.
You spent 519 gold pieces at shops.

Inventory:

Hand Weapons
 a - a +4 dagger of electrocution (weapon)
 H - a +7 great sword
 P - a +2 scimitar of holy wrath
Missiles
 f - 23 poisoned darts
 g - 2 javelins
 i - 75 stones (quivered)
 y - 11 boomerangs
Armour
 d - a +2 pair of gloves (worn)
 z - +0 swamp dragon scales (worn)
 A - a +0 pair of boots (worn)
 C - a +1 chain mail of cold resistance
 L - a +1 cloak of preservation (worn)
Jewellery
 s - a +4 ring of protection
 D - the ring "Siosu" {EV+4 SInv}
   (You bought it in a shop on level 7 of the Dungeon)

   [ring of evasion]

   EV:        It affects your evasion (+4).
   SInv:      It lets you see invisible.
 E - a ring of positive energy
 F - a +4 ring of slaying (right hand)
 K - a ring of fire (left hand)
Wands
 b - a wand of digging (3)
 w - a wand of charming (20)
 x - a wand of mindburst (14)
Scrolls
 c - 5 scrolls of immolation
 h - a scroll of magic mapping
 k - 5 scrolls of fear
 m - 2 scrolls of identify
 n - 2 scrolls of enchant weapon
 p - 2 scrolls of vulnerability
 q - 5 scrolls of teleportation
 t - a scroll of poison
 I - a scroll of silence
 J - a scroll of blinking
 O - a scroll of enchant armour
Potions
 e - 2 potions of mutation
 j - 4 potions of lignification
 l - 2 potions of might
 o - 3 potions of curing
 r - 3 potions of attraction
 u - a potion of flight
 v - 3 potions of cancellation
 B - 4 potions of heal wounds
 G - a potion of invisibility
 M - 2 potions of haste
 N - a potion of berserk rage


   Skills:
 - Level 6.0 Fighting
 - Level 4.1(10.0) Short Blades
 - Level 14.0(14.2) Long Blades
 + Level 9.3 Throwing
 - Level 6.0 Armour
 - Level 6.0 Dodging
 - Level 6.0 Evocations


You had 11 spell levels left.
You didn't know any spells.
Your spell library was empty.

Dungeon Overview and Level Annotations

Branches:
Dungeon (12/15)            Temple (0/1) D:4            Lair (0/5) D:9
  Sewer (visited)
    Orc: D:9-12

Altars:
Elyvilon
Gozag
Kikubaaqudgha
Makhleb
Okawaru
Qazlal
Sif Muna
Trog
Wu Jian
Zin
The Shining One

Shops:
D:4 *   D:7 *

Annotations:
D:5 3 runed translucent doors, KennySheep's ghost, novice DgTm


Innate Abilities, Weirdness & Mutations

((You are very nimble when in or above water. (Stealth+, EV+, Speed+++)))
Your lower body shifts to a powerful aquatic tail in water.


Message History

The fire giant burns you.
You hit the fire giant.
The fire giant is lightly wounded.
You hit the fire giant.
The fire giant is lightly wounded.
You puncture the fire giant!
The fire giant is lightly wounded.
You hit the fire giant but do no damage.
The fire giant is lightly wounded.
The fire giant hits you with a +1 great sword of flaming!!
* * * LOW HITPOINT WARNING * * *
The fire giant burns you.
* * * LOW HITPOINT WARNING * * *
You puncture the fire giant!
Lightning courses through the fire giant!
The fire giant is heavily wounded.
A meliai comes into view. It is wielding a +0 war axe.
The meliai buzzes angrily.
You hit the fire giant.
The fire giant is heavily wounded.
You hit the fire giant.
The fire giant is heavily wounded.
The fire giant points at you and mumbles some strange words.
The bolt of fire misses you.
You puncture the fire giant!
The fire giant is severely wounded.
You impale the fire giant!!
Lightning courses through the fire giant!!
You kill the fire giant!
Trog accepts your kill.
Trog appreciates your killing of a magic user.
Your Throwing skill increases to level 9!
You have reached level 12!
Okay, then.
You are too berserk!
You are too berserk!
Found a square steel amulet and a scroll of identify.
The frost giant casts a spell at you. The bolt of cold hits you!!!
You feel a terrible chill!
You die...

.# #.!###..# ##
##..# ## #...#
#..## #...# ##..#
## #..###..#
#########...#...#
....y.C@....#...#
.##.⌠.##)..## .##
#?" #.(.## # ##
##### ..^.
##....# ...###
####


You could see a frost giant and a meliai.

Vanquished Creatures
  A fire giant (D:12)
  A boulder beetle (D:8)
  The ghost of Ekaitz the Arsonist, a novice DsFE of Sif Muna (D:10)
  Lodul (D:11)
  3 manticores
  An elephant (D:9)
  An unseen horror (D:11)
  A gargoyle (D:11)
  Maggie (D:7)
  2 yaktaurs (D:12)
  A hornet (D:9)
  A shadow (D:11)
  10 yaks
  2 wyverns (D:9)
  A wraith (D:11)
  A basilisk (D:12)
  A steam dragon (D:7)
  4 vampire mosquitoes (D:11)
  2 water moccasins
  Pargi (Sewer)
  6 orc warriors
  3 ice beasts
  2 centaurs
  4 black bears
  9 ogres
  2 kobold brigands
  4 bullfrogs
  3 gnoll sergeants
  5 scorpions
  6 wights
  A jelly (D:6)
  5 hounds
  8 orc priests
  Terence (D:3)
  7 orc wizards
  4 iguanas
  9 adders
  18 gnolls
  2 river rats (D:6)
  A shadow imp (D:7)
  A white imp (D:7)
  An ufetubus (D:5)
  A worm (D:5)
  7 dart slugs
  31 orcs
  7 endoplasms
  6 giant cockroaches
  7 goblins
  8 hobgoblins
  5 jackals
  2 quokkas (D:1)
  8 ball pythons
  5 bats
  4 frilled lizards
  12 kobolds
  11 rats
253 creatures vanquished.

Vanquished Creatures (collateral kills)
  An orc warrior (D:10)
1 creature vanquished.

Vanquished Creatures (others)
  An orc wizard (D:6)
1 creature vanquished.

Grand Total: 255 creatures vanquished

Notes
Turn   | Place    | Note
-------+----------+-------------------------------------------
     0 | D:1      | jejorda2 the Merfolk Berserker began the quest for the Orb.
     0 | D:1      | Reached XP level 1. HP: 18/18 MP: 1/1
   112 | D:1      | Reached XP level 2. HP: 24/24 MP: 2/2
   412 | D:1      | Reached skill level 4 in Long Blades
   488 | D:1      | Reached XP level 3. HP: 15/30 MP: 3/3
  1305 | D:2      | Reached ** piety under Trog
  1577 | D:2      | Reached XP level 4. HP: 35/37 MP: 4/4
  1756 | D:3      | Found a shimmering blue altar of Sif Muna.
  1867 | D:3      | Found a bloodstained altar of Trog.
  1899 | D:3      | Noticed Terence
  1907 | D:3      | Killed Terence
  1982 | D:3      | Found an ancient bone altar of Kikubaaqudgha.
  2034 | D:3      | Reached XP level 5. HP: 41/43 MP: 5/5
  2209 | D:3      | Found a faded altar of an unknown god.
  2348 | D:3      | Found a burning altar of Makhleb.
  2348 | D:3      | Noticed a cacodemon
  2500 | D:4      | Found a staircase to the Ecumenical Temple.
  2510 | D:4      | Reached skill level 5 in Long Blades
  2615 | D:4      | Noticed an ogre
  2620 | D:4      | Killed an ogre
  2621 | D:4      | Reached skill level 5 in Fighting
  2621 | D:4      | Reached skill level 5 in Dodging
  2621 | D:4      | Reached XP level 6. HP: 39/51 MP: 6/6
  2785 | D:4      | Found Paagot's General Store.
  2795 | D:4      | Bought a scroll of identify for 22 gold pieces
  2795 | D:4      | Bought a +1 chain mail of cold resistance for 181 gold
                  | pieces
  2795 | D:4      | Bought a scroll of fear for 44 gold pieces
  2912 | D:4      | Found an ornate altar of the Wu Jian Council.
  2977 | D:4      | Reached *** piety under Trog
  3016 | D:4      | Found an opulent altar of Gozag.
  3142 | D:4      | Found an iron altar of Okawaru.
  3187 | D:4      | Found a glowing silver altar of Zin.
  3290 | D:4      | stuff past rock
  3305 | D:5      | Entered Level 5 of the Dungeon
  3307 | D:5      | Noticed a black bear
  3315 | D:5      | Killed a black bear
  3316 | D:5      | Reached skill level 6 in Long Blades
  3321 | D:5      | Reached XP level 7. HP: 56/56 MP: 7/7
  3589 | D:5      | Found a runed translucent gate.
  3589 | D:5      | Found a runed translucent gate.
  3589 | D:5      | Found a runed translucent gate.
  3590 | D:5      | Noticed KennySheep's ghost (novice DgTm)
  3753 | D:5      | Reached skill level 7 in Long Blades
  4474 | D:5      | Reached skill level 8 in Long Blades
  4474 | D:5      | Reached XP level 8. HP: 59/64 MP: 8/8
  4738 | D:6      | Noticed a manticore
  4747 | D:6      | Killed a manticore
  4748 | D:6      | Reached skill level 10 in Long Blades
  4895 | D:6      | Found a glowing drain.
  4941 | Sewer    | Entered a sewer
  4993 | Sewer    | Noticed Pargi
  5003 | Sewer    | Killed Pargi
  5246 | D:6      | Reached skill level 11 in Long Blades
  5473 | D:6      | Reached XP level 9. HP: 57/69 MP: 9/9
  5596 | D:6      | Reached skill level 12 in Long Blades
  5755 | D:6      | Found a glowing golden altar of the Shining One.
  5755 | D:6      | Found a stormy altar of Qazlal.
  6375 | D:7      | Reached skill level 13 in Long Blades
  6705 | D:7      | Noticed Maggie
  6725 | D:7      | Killed Maggie
  7040 | D:7      | Found Qinusig's Assorted Antiques.
  7043 | D:7      | Bought a vibrating silver ring for 125 gold pieces
  7043 | D:7      | Identified the ring "Siosu" {EV+4 SInv} (You bought it in a
                  | shop on level 7 of the Dungeon)
  7043 | D:7      | Bought an agate ring for 125 gold pieces
  7043 | D:7      | Bought a brown potion for 22 gold pieces
  7180 | D:8      | Reached skill level 14 in Long Blades
  7180 | D:8      | Reached XP level 10. HP: 76/76 MP: 10/10
  7304 | D:8      | Noticed a boulder beetle
  7314 | D:8      | Killed a boulder beetle
  8098 | D:9      | Noticed an elephant
  8101 | D:9      | Found a staircase to the Lair.
  8106 | D:9      | Reached skill level 5 in Armour
  8118 | D:9      | Killed an elephant
  8383 | D:10     | Entered Level 10 of the Dungeon
  8476 | D:10     | Found a white marble altar of Elyvilon.
  8620 | D:10     | Reached skill level 1 in Short Blades
  8743 | D:10     | Reached **** piety under Trog
  8899 | D:10     | Reached XP level 11. HP: 73/81 MP: 11/11
  8938 | D:10     | Found a runed translucent gate.
  8942 | D:10     | Found a runed translucent gate.
  8942 | D:10     | Noticed Ekaitz's ghost (novice DsFE)
  8943 | D:10     | Found a runed translucent gate.
  9475 | D:10     | Killed Ekaitz's ghost
  9476 | D:10     | Reached skill level 5 in Throwing
  9476 | D:10     | Reached skill level 5 in Evocations
  9680 | D:11     | Noticed Lodul
  9698 | D:11     | Killed Lodul
 10932 | D:12     | Noticed a manticore
 10951 | D:12     | Killed a manticore
 11120 | D:12     | Noticed a wolf spider
 11139 | D:12     | Noticed a manticore
 11158 | D:12     | Killed a manticore
 11264 | D:12     | Noticed a fire giant
 11275 | D:12     | Noticed a frost giant
 11285 | D:12     | Killed a fire giant
 11286 | D:12     | Reached XP level 12. HP: 31/88 MP: 12/12
 11286 | D:12     | Killed from afar by a frost giant

Illustrated notes

####### #.....#
#.....# #.....#
#.....# #.....#
####### #.....######
##......
#....@#....####.......
#..)..#.#.............
#.....#...≈≈§≈≈≈≈≈≈...
#.....#...§.......≈...
#..)..'..§≈.#####.≈...
#.....#..§≈.....#.≈...
#.....#...≈.#._.#.≈...
#.....#...≈.#.....≈.##
#.....#..§§.#####.≈...


Turn 3290 on D:4: stuff past rock

Levels and vault maps discovered:
D:1:      dpeg_arrival_arbitrary_a, layout_loops_ring
D:2:      layout_loops_ring
D:3:      layout_loops_cross, nicolae_overflow_crystal_walls,
          makhleb_altar_promises_db, nicolae_sif_muna_condensation, bloody_trog,
          hellmonk_ecumenical_altar_leap_of_faith, uniq_terence
D:4:      layout_gridville, nicolae_gozag_seed_capital,
          mainiacjoe_overflow_brackets, lemuel_crystal_altar, zin_scriptorium,
          minmay_temple_entry_statues, serial_shops, shop
D:5:      layout_gridville, gammafunk_ghost_nasty_kobolds, grunt_ministairs_6
D:6:      layout_loops_ring, amethyst_overflow_temple_binary,
          lightli_sewer_entry_pipes, kennysheep_opposing_triangles
D:7:      minmay_angry_zag, layout_basic, serial_shops,
          nicolae_shop_behind_doors, minmay_crystal_room, nrook_campfire,
          uniq_maggie
D:8:      layout_loops_cross
D:9:      layout_rooms, david_lair_generic, minmay_fractal_squares_5
D:10:     layout_basic, elyvilon_altar_4, biasface_ghost_orc_armoury
D:11:     layout_small_grid, uniq_lodul
D:12:     minmay_tile_spiral, layout_loops_corners, david_orc_1_choice

Skill      XL: |  1  2  3  4  5  6  7  8  9 10 11 |
---------------+----------------------------------+-----
Dodging        | 3 4 5 6 |  6.0
Long Blades    | 4 5 6 8 11 14 | 14.0
Fighting       | 4 5 6 |  6.0
Armour         | 3 5 6 |  6.0
Throwing       | 4 9 |  9.3
Evocations     | 4 6 |  6.0
Short Blades   | 3 4 |  4.1

Action                   |  1- 3 |  4- 6 |  7- 9 | 10-12 || total
-------------------------+-------+-------+-------+-------++-------
Melee: Falchion          |   117 |    45 |       |       ||   162
       Punch             |     1 |     3 |     5 |     8 ||    17
       Long sword        |       |    85 |   384 |   101 ||   570
       Tailslap          |       |       |     6 |       ||     6
       Dagger            |       |       |       |   267 ||   267
       Great sword       |       |       |       |     5 ||     5
Throw: Stone             |       |     1 |     3 |    12 ||    16
       Dart              |       |       |       |     4 ||     4
Invok: Berserk           |     1 |     4 |     9 |     8 ||    22
       Trog's Hand       |       |     1 |     5 |     5 ||    11
       Brothers in Arms  |       |       |       |     1 ||     1
  Use: Scroll            |       |       |    19 |     7 ||    26
       Potion            |       |       |     1 |     1 ||     2
 Stab: Distracted        |     1 |       |       |       ||     1
       Sleeping          |       |     2 |       |       ||     2
Armor: Animal skin       |    12 |     6 |       |       ||    18
       Scale mail        |       |    32 |       |       ||    32
       Chain mail        |       |    13 |   166 |       ||   179
       Swamp dragon scal |       |       |    10 |    75 ||    85
Dodge: Dodged            |    81 |    71 |   170 |   215 ||   537

Table legend: (Time is in decaauts)
 A = Elapsed time spent in this place.
 B = Non-inter-level travel time spent in this place.
 C = Inter-level travel time spent in this place.
 D = Time resting spent in this place.
 E = Time spent auto-exploring this place.
 F = Levels seen in this place.
 G = Mean time per level.
                   A        B        C        D        E       F      G
               +--------+--------+--------+--------+--------+-----+--------+
         Total |  11234 |  10836 |    398 |   1113 |   7695 |  13 |  864.2 |
       Dungeon |  11091 |  10693 |    398 |   1070 |   7633 |  12 |  924.2 |
         Sewer |    142 |    142 |      0 |     42 |     61 |   1 |  142.0 |
               +--------+--------+--------+--------+--------+-----+--------+

Top non-repeatable levels by time:
     D:5: 1283 daAuts
     D:6: 1233 daAuts
    D:10: 1124 daAuts
     D:4: 1037 daAuts
     D:1: 1025 daAuts
    D:11: 1017 daAuts
     D:7: 973 daAuts
     D:3: 756 daAuts
     D:2: 755 daAuts
    D:12: 634 daAuts
     D:9: 634 daAuts
     D:8: 614 daAuts
   Sewer: 142 daAuts
